 Dungeon Crawl Stone Soup version 0.31.0-12-g77e489cdc1 (webtiles) character file.

Game seed: 2923142380910612053

149 spaghetti the Trooper (level 5, -1/55 HPs)
             Began as a Naga Chaos Knight on Mar 6, 2024.
             Was a Plaything of Xom.
             Succumbed to Robin's poison
             ... on level 3 of the Dungeon.
             The game lasted 00:02:43 (1935 turns).

spaghetti the Trooper (Naga Chaos Knight)           Turns: 1935, Time: 00:02:44

Health: -1/55      AC:  9    Str: 16    XL:     5   Next: 31%
Magic:  5/5        EV:  2    Int: 13    God:    Xom [..*...]
Gold:   97         SH:  0    Dex: 10    Spells: 4/4 levels left

rFire   . . .        c - +4 spear (venom)
rCold   . . .        (no shield)
rNeg    . . .        h - +0 plate armour
rPois   +            (no helmet)
rElec   .            (no cloak)
rCorr   .            (no gloves)
SInv    +            (no barding)
Will    .....        (no amulet) Stlth
                     (no ring)
HPRegen 0.00/turn    (no ring)
MPRegen 0.09/turn

%: no passive effects
@: confused, brilliant, lethally poisoned (-1 -> -11), inhibited regen, hasted,
quick
A: AC +1, large, see invisible, deformed body, poison resistance, slowness 2,
spit poison 1, naga tail 1, iridescent scales 1, inhibited regeneration, wild
magic 1
a: Spit Poison, Renounce Religion


You were on level 3 of the Dungeon.
You worshipped Xom.
You were a toy of Xom.
You visited 1 branch of the dungeon, and saw 3 of its levels.

You collected 97 gold pieces.

Inventory:

Hand Weapons
 c - a +4 spear of venom (weapon)
Armour
 a - a +2 leather armour
 h - a +0 plate armour (worn)
Potions
 e - a potion of attraction


   Skills:
 + Level 5.8 Fighting
 - Level 1.5 Armour
 - Level 0.7 Dodging
 - Level 3.0 Unarmed Combat


You had 4 spell levels left.
You didn't know any spells.
Your spell library was empty.

Dungeon Overview and Level Annotations

Branches:
Dungeon (3/15)

Altars:
Nemelex Xobeh

Annotations:
D:3 Ijyb, Robin


Innate Abilities, Weirdness & Mutations

Your serpentine skin is tough. (AC +1)
You have supernaturally acute eyesight. (SInv)
Armour fits poorly on your strangely shaped body.
Your system is resistant to poisons. (rPois)
You cover ground very slowly.
You can spit poison.
You have a snake-like lower body.
You are partially covered in iridescent scales. (AC +2)
You do not regenerate when monsters are visible.
Your spells are a little harder to cast, but a little more powerful.


Message History

You miss the hobgoblin.
The hobgoblin hits you but does no damage.
The orc hits you but does no damage. Robin hits you but does no damage.
Ijyb screams, "I cut your head off!" Ijyb hits you with a +0 dagger.
The goblin hits you with a +0 club.
* * * LOW HITPOINT WARNING * * *
Unknown command.
Unknown command.
The hobgoblin attacks as it pursues you!
The hobgoblin hits you.
* * * LOW HITPOINT WARNING * * *
Robin attacks as they pursue you!
Robin hits you from afar with a +2 spear of venom.
* * * LOW HITPOINT WARNING * * *
You are lethally poisoned!
The goblin attacks as it pursues you! The goblin hits you with a +0 club.
* * * LOW HITPOINT WARNING * * *
Unknown command.
Unknown command.
Okay, then.
You're too confused to move!
* * * LOW HITPOINT WARNING * * *
You feel very sick.
You kill the goblin!
Ijyb hits you with a +0 dagger.
* * * LOW HITPOINT WARNING * * *
The orc hits you with a +0 hand axe.
* * * LOW HITPOINT WARNING * * *
The hobgoblin hits you but does no damage.
Robin hits you but does no damage.
Unknown command.
Unknown command.
You barely miss the hobgoblin.
* * * LOW HITPOINT WARNING * * *
You feel sick.
Unknown command.
Unknown command.
Unknown command.
You die...
Xom guffaws!

####.....# # ###...#
#......# ... # #...#
#......# ..... # #...#
#......###..... # #...#
#.........).... ######...#
#..............
.........####..............
..........(.......o.......#
........####....@.gg......#
........# ##....go.......#
........# #.....#.......#
......(.# #.....#.......#
........# #.....#........
........#####.....#......#.
..................#......#
...........[......#......#
########..........#......#


You could see Ijyb (strong, poisoned), Robin, an orc wizard, an orc and a
hobgoblin (strong).

Vanquished Creatures
  Natasha (thrice) (D:2)
  3 gnolls (D:2)
  An orc (D:3)
  9 ball pythons
  4 endoplasms
  3 giant cockroaches
  9 goblins
  A hobgoblin (D:2)
  4 kobolds
  A quokka (D:2)
  2 bats
  2 frilled lizards
  8 rats (D:2)
50 creatures vanquished.

Notes
Turn   | Place    | Note
-------+----------+-------------------------------------------
     0 | D:1      | spaghetti the Naga Chaos Knight began the quest for the
                  | Orb.
     0 | D:1      | Reached XP level 1. HP: 21/21 MP: 1/1
    53 | D:1      | XOM: smoke on damage
   106 | D:1      | Reached XP level 2. HP: 28/28 MP: 2/2
   684 | D:1      | XOM is BORED!
   684 | D:1      | XOM: silly message
   758 | D:2      | Noticed Natasha
   764 | D:2      | Killed Natasha
   765 | D:2      | Reached skill level 4 in Fighting
   765 | D:2      | Reached XP level 3. HP: 28/37 MP: 3/3
   821 | D:2      | XOM: silly message
   834 | D:2      | Reached XP level 4. HP: 9/45 MP: 4/4
   840 | D:2      | Reached skill level 5 in Fighting
   843 | D:2      | HP: 1/46 [frozen (3)]
  1192 | D:2      | Found a sparkling altar of Nemelex Xobeh.
  1408 | D:2      | Noticed Natasha
  1417 | D:2      | Killed Natasha
  1422 | D:2      | Noticed Natasha
  1430 | D:2      | Killed Natasha
  1431 | D:2      | Reached XP level 5. HP: 28/55 MP: 5/5
  1668 | D:2      | XOM: silly message
  1914 | D:3      | Noticed Ijyb
  1914 | D:3      | Identified the +0 helmet of Supple Strength {*Slow Fly
                  | Will+ Str+2}
  1914 | D:3      | Noticed Robin
  1918 | D:3      | XOM: noise
  1920 | D:3      | Gained mutation: You do not regenerate when monsters are
                  | visible. [potion of mutation]
  1920 | D:3      | Gained mutation: Your spells are a little harder to cast,
                  | but a little more powerful. [potion of mutation]
  1920 | D:3      | Gained mutation: You are partially covered in iridescent
                  | scales. (AC +2) [potion of mutation]
  1933 | D:3      | HP: 2/55 [orc/+0 hand axe (3)]
  1935 | D:3      | Succumbed to Robin's poison

Illustrated notes

Levels and vault maps discovered:
D:1:      psy_arrival_radial01, layout_loops_ring, chequers_decorated_corner,
          minmay_shallow_snake_nest
D:2:      layout_rooms, basic_altar, serial_bayou, serial_bayou_shore_b,
          serial_bayou_ford_a, serial_bayou_lagoon_a, serial_bayou_pond_d,
          minivault_4, minmay_rat_gold_closets, uniq_natasha
D:3:      cheibrodos_greedy_goblins, layout_basic, nicolae_goblin_pals,
          uniq_crazy_yiuf_cottage

Skill      XL: |  1  2  3  4 |
---------------+-------------+-----
Fighting       | 4 5 |  5.8
Armour         | |  1.5
Dodging        | |  0.7
Unarmed Combat | |  3.0

Action                     |  1- 3 |  4- 6 || total
---------------------------+-------+-------++-------
  Melee: Unarmed           |    37 |    20 ||    57
         Spear             |       |    41 ||    41
         Punch             |       |     1 ||     1
Ability: Spit Poison       |    15 |    14 ||    29
    Use: Potion            |     2 |     4 ||     6
         Scroll            |       |     9 ||     9
   Stab: Sleeping          |       |     1 ||     1
 Armour: Leather armour    |    24 |    25 ||    49
         Plate armour      |       |    41 ||    41
  Dodge: Dodged            |    11 |    19 ||    30
